Avalanche vs Jets

Created - December 4, 2024 at 20:19

Goals
1 2 3 T
Avalanche 1 0 0 1
Jets 2 0 1 3
Shots
1 2 3 T
Avalanche 9 11 5 25
Jets 8 12 10 30

1st period

1. Jets , Anthony Mantha 4 (Nino Niederreiter 5) at 1:06 (PP)
2. Avalanche , Joseph Blandisi 3 (Bryan Little 12, Nick Cousins 6) at 8:47
3. Jets , Ryan Murray 2 (Ryan Johansen 15) at 12:31 (PP)

Penalties :
Jacob Slavin (Col) for Roughing (Minor) at 0:17, Max Domi (Win) for Roughing (Minor) at 4:42, David Rundblad (Col) for Roughing (Minor) at 11:00

2nd period

No Goal

Penalties :
Erik Cernak (Win) for High sticking (Minor) at 5:17, Stefan Elliott (Col) for Slashing (Minor) at 15:43

3rd period

4. Jets , Max Domi 3 (Anthony Mantha 5, Tyler Seguin 10) at 7:16

Penalties :
Drake Caggiula (Col) for Tripping (Minor) at 3:53

Goalie Stats

Robin Lehner (Col), 27 saves from 30 shots - (0.900), L, 7-8-0, 60:00 minutes
Jacob Markstrom (Win), 24 saves from 25 shots - (0.960), W, 9-8-1, 60:00 minutes

Players Stats for Avalanche

Player Name              G  A  P  +/- PIM S  H  SB GA TA FO     MP     PP MP  PK MP  
------------------------------------------------------------------------------------
Andrei Kuzmenko          0  0  0   0  0   3  0  0  0  1  1/1    15:52   1:42   0:00 
Anthony Duclair          0  0  0   0  0   0  0  0  1  0  0/0     8:43   0:25   0:00 
Bryan Little             0  1  1   0  0   3  1  1  0  0  5/14   15:02   2:03   0:00 
David Rundblad           0  0  0  -1  2   0  0  1  0  1  0/0    20:18   2:13   2:23 
Drake Caggiula           0  0  0   0  2   0  1  0  0  0  0/2     8:49   0:00   0:00 
Erik Karlsson            0  0  0  -1  0   1  0  0  0  1  0/0    17:29   1:45   0:00 
Jack Johnson             0  0  0   1  0   1  0  1  0  1  0/0    22:17   0:00   3:12 
Jacob Slavin             0  0  0   1  2   1  4  0  0  1  0/0    22:20   1:45   2:24 
Jean-Gabriel Pageau      0  0  0   0  0   3  1  1  0  0  6/19   19:12   1:55   3:24 
Joseph Blandisi          1  0  1   0  0   2  3  0  0  0  0/0    13:05   0:00   0:00 
Kyle Clifford            0  0  0   0  0   3  0  1  0  0  0/0    19:12   1:55   3:24 
Nick Cousins             0  1  1   0  0   1  0  0  0  0  1/2    15:02   2:03   0:00 
Patric Hornqvist         0  0  0   0  0   2  1  2  0  0  0/0    16:48   0:00   2:54 
Rickard Rakell           0  0  0   0  0   0  2  0  0  0  0/0    15:43   1:41   0:00 
Ryan Hartman             0  0  0   0  0   3  1  0  0  0  1/1     8:23   0:00   0:00 
Ryan O'Reilly            0  0  0   0  0   2  2  0  0  0  6/12   17:33   0:10   2:54 
Stefan Elliott           0  0  0   0  2   0  1  0  0  2  0/0    19:56   2:13   1:38 
Vladislav Gavrikov       0  0  0   0  0   0  0  2  0  0  0/0    17:54   0:00   2:59 

Players Stats for Jets

Player Name              G  A  P  +/- PIM S  H  SB GA TA FO     MP     PP MP  PK MP  
------------------------------------------------------------------------------------
Adam Larsson             0  0  0   0  0   1  2  0  0  0  0/0    22:16   1:32   2:27 
Anthony Beauvillier      0  0  0   0  0   1  1  0  0  0  0/0     9:03   0:00   0:00 
Anthony Mantha           1  1  2   0  0   5  2  0  2  0  3/4    19:28   3:19   1:37 
Dougie Hamilton          0  0  0   0  0   2  1  2  0  0  0/0    25:02   2:57   2:03 
Dylan Strome             0  0  0   0  0   3  1  0  0  0  3/6    12:03   0:00   0:51 
Erik Cernak              0  0  0   0  2   1  0  0  0  1  0/0    13:52   0:00   0:24 
Frank Vatrano            0  0  0   0  0   2  2  1  0  0  0/2    13:54   0:00   1:31 
Jack Roslovic            0  0  0   0  0   2  0  0  1  0  0/0    18:07   3:19   0:00 
Jonathan Drouin          0  0  0   0  0   1  0  1  0  0  0/1    12:58   0:00   1:12 
Kyle Connor              0  0  0   0  0   2  0  2  1  0  0/0     8:26   0:00   0:00 
Max Domi                 1  0  1   0  2   1  0  0  0  0  10/14  17:05   2:59   0:00 
Mirco Mueller            0  0  0   0  0   1  0  1  0  0  0/0    15:31   1:49   0:00 
Nino Niederreiter        0  1  1   0  0   1  2  0  1  0  0/0    18:58   2:59   1:09 
Ryan Johansen            0  1  1   0  0   1  1  0  2  0  12/19  18:07   3:19   0:00 
Ryan Murray              1  0  1   0  0   3  0  0  0  0  0/0    21:39   1:32   1:31 
Sam Reinhart             0  0  0   0  0   1  1  0  0  0  2/3     8:36   0:00   0:00 
Troy Stetcher            0  0  0   0  0   2  0  2  0  0  0/0    22:13   4:46   1:31 
Tyler Seguin             0  1  1   0  0   0  1  1  0  0  1/2    18:42   2:59   1:36 

3 Stars

1 - Anthony Mantha (Win)
2 - Jacob Markstrom (Win)
3 - Ryan Murray (Win)

Power Play

Avalanche - 0 on 2 Attempt(s) - 0.00%
Jets - 2 on 4 Attempt(s) - 50.00%

Penalty Kill

Avalanche - 2 on 4 Attempt(s) - 50.00% - Score 0 goal in Penalty Kill
Jets - 2 on 2 Attempt(s) - 100.00% - Score 0 goal in Penalty Kill

Team Stat

Avalanche - Hits : 17 - Faceoff Wins : 20 - Blocked Shots : 9 - Penalty Minutes : 8
Jets - Hits : 14 - Faceoff Wins : 31 - Blocked Shots : 10 - Penalty Minutes : 4

Official

Referees : Chris Lee and Marc Joannette
Linesman : Derek Amell and Matt MacPherson

Game Notes

No Game Note

Finance

Level 1 -- Attendance: 5593 (93.22%) -- Ticket Income $559,300
Level 2 -- Attendance: 4698 (93.96%) -- Ticket Income $328,860
Level 3 -- Attendance: 1889 (94.45%) -- Ticket Income $75,560
Level 4 -- Attendance: 4000 (100.00%) -- Ticket Income $120,000
Luxury Box -- Attendance: 893 (89.30%) -- Ticket Income $178,600
Game was played at the Bell MTS Place.
Total Attendance: 17073 (94.85%)
Total Ticket Income: $1,262,320
Other Income: $189,348
Total Income: $1,451,668

Avalanche

5 vs 5 Forward 
   Center                   Left Wing                Right Wing               Time % Phy DF OF 
 1 Jean-Gabriel Pageau      Kyle Clifford            Patric Hornqvist         31     1   2  2  
 2 Ryan O'Reilly            Andrei Kuzmenko          Rickard Rakell           31     1   2  2  
 3 Bryan Little             Joseph Blandisi          Nick Cousins             27     1   2  2  
 4 Drake Caggiula           Anthony Duclair          Ryan Hartman             11     1   2  2  

5 vs 5 Defense 
   Defense                  Defense                                           Time % Phy DF OF 
 1 Jack Johnson             Jacob Slavin                                      38     1   2  2  
 2 Erik Karlsson            David Rundblad                                    30     1   2  2  
 3 Vladislav Gavrikov       Stefan Elliott                                    28     1   2  2  
 4 Jack Johnson             Jacob Slavin                                      4      1   2  2  

PowerPlay Forward 
   Center                   Left Wing                Right Wing               Time % Phy DF OF 
 1 Jean-Gabriel Pageau      Kyle Clifford            Rickard Rakell           50     0   1  4  
 2 Bryan Little             Andrei Kuzmenko          Nick Cousins             50     0   1  4  

PowerPlay Defense
   Defense                  Defense                                           Time % Phy DF OF 
 1 Jacob Slavin             Erik Karlsson                                     50     0   2  3  
 2 Stefan Elliott           David Rundblad                                    50     0   2  3  

Penalty Kill 4 Players Forward 
   Center                   Wing                     Time % Phy DF OF 
 1 Jean-Gabriel Pageau      Kyle Clifford            50     1   3  1  
 2 Ryan O'Reilly            Patric Hornqvist         50     1   3  1  

Penalty Kill 4 Players Defense
   Defense                  Defense                  Time % Phy DF OF 
 1 Jacob Slavin             David Rundblad           50     1   3  1  
 2 Jack Johnson             Vladislav Gavrikov       50     1   3  1  

Penalty Kill - 3 Players Forward 
   Forward                                           Time % Phy DF OF 
 1 Kyle Clifford                                     55     1   4  0  
 2 Jean-Gabriel Pageau                               45     1   4  0  

Penalty Kill - 3 Players Defense
   Defense                  Defense                  Time % Phy DF OF 
 1 Jacob Slavin             David Rundblad           50     1   4  0  
 2 Jack Johnson             Vladislav Gavrikov       50     1   4  0  

4 vs 4 Forward 
   Center                   Wing                     Time % Phy DF OF 
 1 Jean-Gabriel Pageau      Kyle Clifford            50     1   2  2  
 2 Ryan O'Reilly            Andrei Kuzmenko          50     1   2  2  

4 vs 4 Defense
   Defense                  Defense                  Time % Phy DF OF 
 1 Jacob Slavin             Vladislav Gavrikov       55     1   2  2  
 2 Jack Johnson             David Rundblad           45     1   2  2  

Last Minutes Offensive
   Center                   Left Wing                Right Wing               Defense                  Defense                  
   Jean-Gabriel Pageau      Anthony Duclair          Patric Hornqvist         Erik Karlsson            Jacob Slavin             

Last Minutes Defensive
   Center                   Left Wing                Right Wing               Defense                  Defense                  
   Jean-Gabriel Pageau      Kyle Clifford            Rickard Rakell           Jacob Slavin             Jack Johnson             

Goaltenders
Starting : Robin Lehner             
Backup : Semyon Varlamov          

Extra Forwards
Normal : Drake Caggiula, Joseph Blandisi, Ryan Hartman - PP : Anthony Duclair, Ryan O'Reilly - PK : Rickard Rakell
Extra Defensemen
Normal : Vladislav Gavrikov, Stefan Elliott, David Rundblad - PP : Vladislav Gavrikov - PK : Stefan Elliott, Erik Karlsson
Penalty Shots
Andrei Kuzmenko, Anthony Duclair, Bryan Little, Patric Hornqvist, Kyle Clifford
Custom OT Lines Forwards
Kyle Clifford, Jean-Gabriel Pageau, Bryan Little, Patric Hornqvist, Rickard Rakell, Ryan O'Reilly, Andrei Kuzmenko, Nick Cousins, Ryan Hartman, Anthony Duclair
Custom OT Lines Defensemen
Jacob Slavin, Erik Karlsson, Jack Johnson, David Rundblad, Stefan Elliott

Scratches
Jarred Tinordi (Healthy), Luke Witkowski (Healthy)

Jets

5 vs 5 Forward 
   Center                   Left Wing                Right Wing               Time % Phy DF OF 
 1 Ryan Johansen            Nino Niederreiter        Jack Roslovic            33     1   2  2  
 2 Max Domi                 Anthony Mantha           Tyler Seguin             32     2   1  2  
 3 Dylan Strome             Jonathan Drouin          Frank Vatrano            20     1   2  2  
 4 Sam Reinhart             Kyle Connor              Anthony Beauvillier      15     0   1  4  

5 vs 5 Defense 
   Defense                  Defense                                           Time % Phy DF OF 
 1 Dougie Hamilton          Ryan Murray                                       40     1   2  2  
 2 Adam Larsson             Troy Stetcher                                     30     1   2  2  
 3 Mirco Mueller            Erik Cernak                                       20     1   2  2  
 4 Dougie Hamilton          Adam Larsson                                      10     1   2  2  

PowerPlay Forward 
   Center                   Left Wing                Right Wing               Time % Phy DF OF 
 1 Ryan Johansen            Anthony Mantha           Jack Roslovic            60     1   2  2  
 2 Max Domi                 Nino Niederreiter        Tyler Seguin             40     1   2  2  

PowerPlay Defense
   Defense                  Defense                                           Time % Phy DF OF 
 1 Dougie Hamilton          Troy Stetcher                                     60     1   2  2  
 2 Ryan Murray              Adam Larsson                                      40     1   2  2  

Penalty Kill 4 Players Forward 
   Center                   Wing                     Time % Phy DF OF 
 1 Tyler Seguin             Anthony Mantha           60     1   2  2  
 2 Nino Niederreiter        Frank Vatrano            40     1   2  2  

Penalty Kill 4 Players Defense
   Defense                  Defense                  Time % Phy DF OF 
 1 Dougie Hamilton          Adam Larsson             60     1   2  2  
 2 Ryan Murray              Troy Stetcher            40     1   2  2  

Penalty Kill - 3 Players Forward 
   Forward                                           Time % Phy DF OF 
 1 Anthony Mantha                                    60     1   2  2  
 2 Frank Vatrano                                     40     1   2  2  

Penalty Kill - 3 Players Defense
   Defense                  Defense                  Time % Phy DF OF 
 1 Dougie Hamilton          Adam Larsson             60     1   2  2  
 2 Ryan Murray              Troy Stetcher            40     1   2  2  

4 vs 4 Forward 
   Center                   Wing                     Time % Phy DF OF 
 1 Ryan Johansen            Tyler Seguin             60     1   2  2  
 2 Nino Niederreiter        Jack Roslovic            40     1   2  2  

4 vs 4 Defense
   Defense                  Defense                  Time % Phy DF OF 
 1 Dougie Hamilton          Adam Larsson             60     1   2  2  
 2 Ryan Murray              Troy Stetcher            40     1   2  2  

Last Minutes Offensive
   Center                   Left Wing                Right Wing               Defense                  Defense                  
   Ryan Johansen            Nino Niederreiter        Tyler Seguin             Dougie Hamilton          Jack Roslovic            

Last Minutes Defensive
   Center                   Left Wing                Right Wing               Defense                  Defense                  
   Ryan Johansen            Anthony Mantha           Tyler Seguin             Adam Larsson             Ryan Murray              

Goaltenders
Starting : Jacob Markstrom          
Backup : Elvis Merzlikins         

Extra Forwards
Normal : Anthony Mantha, Sam Reinhart, Frank Vatrano - PP : Anthony Mantha, Kyle Connor - PK : Frank Vatrano
Extra Defensemen
Normal : Mirco Mueller, Erik Cernak, Ryan Murray - PP : Mirco Mueller - PK : Erik Cernak, Ryan Murray
Penalty Shots
Jack Roslovic, Tyler Seguin, Ryan Johansen, Anthony Mantha, Kyle Connor
Custom OT Lines Forwards
Nino Niederreiter, Tyler Seguin, Jack Roslovic, Ryan Johansen, Anthony Mantha, Max Domi, Jonathan Drouin, Sam Reinhart, Frank Vatrano, Dylan Strome
Custom OT Lines Defensemen
Dougie Hamilton, Adam Larsson, Ryan Murray, Troy Stetcher, Mirco Mueller

Scratches
None


% Time on Ice - Avalanche

Lines # - Real PCT - Wanted PCT - Time Play
Normal Forward
1 - 28% - 31% - 14:07
2 - 29% - 31% - 14:37
3 - 26% - 27% - 12:51
4 - 16% - 11% - 8:09
Normal Defense
1 - 37% - 38% - 18:28
2 - 34% - 30% - 16:54
3 - 29% - 28% - 14:22
4 - 0% - 4% - 0:00
PP Forward
1 - 48% - 50% - 1:55
2 - 52% - 50% - 2:03
PP Defense
1 - 44% - 50% - 1:45
2 - 56% - 50% - 2:13
PK Forward
1 - 54% - 50% - 3:24
2 - 46% - 50% - 2:54
PK Defense
1 - 49% - 50% - 3:06
2 - 51% - 50% - 3:12
PK3 Forward
1 - 0% - 55%
2 - 0% - 45%
PK3 Defense
1 - 0% - 50%
2 - 0% - 50%
44 Forward
1 - 0% - 50%
2 - 0% - 50%
44 Defense
1 - 0% - 55%
2 - 0% - 45%
Last Minute Offensive  - 0:00
Last Minute Defensive  - 0:00
Total
Forward - 60:00
Defense - 60:00

% Time on Ice - Jets

Lines # - Real PCT - Wanted PCT - Time Play
Normal Forward
1 - 32% - 33% - 16:01
2 - 28% - 32% - 14:05
3 - 23% - 20% - 11:12
4 - 17% - 15% - 8:26
Normal Defense
1 - 38% - 40% - 18:55
2 - 31% - 30% - 15:37
3 - 24% - 20% - 11:59
4 - 6% - 10% - 3:13
PP Forward
1 - 53% - 60% - 3:19
2 - 47% - 40% - 2:59
PP Defense
1 - 76% - 60% - 4:46
2 - 24% - 40% - 1:32
PK Forward
1 - 71% - 60% - 2:49
2 - 29% - 40% - 1:09
PK Defense
1 - 62% - 60% - 2:27
2 - 38% - 40% - 1:31
PK3 Forward
1 - 0% - 60%
2 - 0% - 40%
PK3 Defense
1 - 0% - 60%
2 - 0% - 40%
44 Forward
1 - 0% - 60%
2 - 0% - 40%
44 Defense
1 - 0% - 60%
2 - 0% - 40%
Last Minute Offensive  - 0:00
Last Minute Defensive  - 0:00
Total
Forward - 60:00
Defense - 60:00

Play-by-Play

1st period


0:01 of 1st period - Ryan Johansen wins face-off versus Jean-Gabriel Pageau in neutral zone.
0:17 of 1st period - Minor Penalty to Jacob Slavin for Roughing.
0:18 of 1st period - Ryan Johansen wins face-off versus Jean-Gabriel Pageau in Avalanche zone.
1:06 of 1st period - Snap shot by Anthony Mantha.
1:06 of 1st period - Goal by Anthony Mantha - Avalanche : 0 - Jets : 1.
1:07 of 1st period - Anthony Mantha wins face-off versus Ryan O'Reilly in neutral zone.
1:10 of 1st period - David Rundblad is hit by Anthony Mantha and loses puck.
1:57 of 1st period - Snap shot by Patric Hornqvist.
1:57 of 1st period - Stopped by Jacob Markstrom without a rebound.
1:58 of 1st period - Max Domi wins face-off versus Jean-Gabriel Pageau in Jets zone.
2:03 of 1st period - Wrist shot by Tyler Seguin.
2:03 of 1st period - Shot Blocked by Patric Hornqvist.
2:05 of 1st period - Snap shot by Anthony Mantha.
2:05 of 1st period - Stopped by Robin Lehner with a rebound.
2:11 of 1st period - Slapshot by Tyler Seguin.
2:11 of 1st period - Deflect By Anthony Mantha.
2:11 of 1st period - Stopped by Robin Lehner with a rebound.
2:13 of 1st period - Backhand shot by Erik Cernak.
2:13 of 1st period - Stopped by Robin Lehner with a rebound.
2:15 of 1st period - Snap shot by Anthony Mantha.
2:15 of 1st period - Shot Misses the Net.
2:44 of 1st period - Icing by Ryan Johansen.
2:45 of 1st period - Bryan Little wins face-off versus Jonathan Drouin in Jets zone.
3:18 of 1st period - Drake Caggiula is hit by Adam Larsson and loses puck.
3:41 of 1st period - Snap shot by Andrei Kuzmenko.
3:41 of 1st period - Stopped by Jacob Markstrom without a rebound.
3:42 of 1st period - Max Domi wins face-off versus Ryan O'Reilly in Jets zone.
3:55 of 1st period - Anthony Mantha is hit by Ryan O'Reilly.
4:37 of 1st period - Wrist shot by Ryan O'Reilly.
4:37 of 1st period - Stopped by Jacob Markstrom with a rebound.
4:42 of 1st period - Minor Penalty to Max Domi for Roughing.
4:43 of 1st period - Anthony Mantha wins face-off versus Bryan Little in Jets zone.
5:17 of 1st period - Slapshot by Jacob Slavin.
5:17 of 1st period - Shot Blocked by Frank Vatrano.
6:20 of 1st period - Jean-Gabriel Pageau is hit by Frank Vatrano and loses puck.
6:42 of 1st period - Penalty to Max Domi is over, Max Domi is back on ice.
7:20 of 1st period - Jacob Slavin is hit by Dylan Strome and loses puck.
7:57 of 1st period - Snap shot by Ryan Johansen.
7:57 of 1st period - Stopped by Robin Lehner without a rebound.
7:58 of 1st period - Bryan Little wins face-off versus Ryan Johansen in Avalanche zone.
8:05 of 1st period - Adam Larsson is hit by Bryan Little and loses puck.
8:14 of 1st period - Andrei Kuzmenko is hit by Nino Niederreiter.
8:39 of 1st period - Wrist shot by Jean-Gabriel Pageau.
8:39 of 1st period - Deflect By Kyle Clifford.
8:39 of 1st period - Shot Misses the Net.
8:39 of 1st period - Puck is out of play.
8:40 of 1st period - Bryan Little wins face-off versus Max Domi in Jets zone.
8:43 of 1st period - Backhand shot by Nick Cousins.
8:43 of 1st period - Deflect By Bryan Little.
8:43 of 1st period - Stopped by Jacob Markstrom with a rebound.
8:47 of 1st period - Snap shot by Joseph Blandisi.
8:47 of 1st period - Goal by Joseph Blandisi - Avalanche : 1 - Jets : 1.
8:48 of 1st period - Ryan Johansen wins face-off versus Jean-Gabriel Pageau in neutral zone.
9:08 of 1st period - Dougie Hamilton is hit by Jacob Slavin and loses puck.
10:49 of 1st period - Snap shot by Sam Reinhart.
10:49 of 1st period - Shot Misses the Net.
10:51 of 1st period - Snap shot by Troy Stetcher.
10:51 of 1st period - Deflect By Vladislav Gavrikov.
10:51 of 1st period - Stopped by Robin Lehner without a rebound.
10:52 of 1st period - Sam Reinhart wins face-off versus Ryan O'Reilly in Avalanche zone.
11:00 of 1st period - Minor Penalty to David Rundblad for Roughing.
11:01 of 1st period - Ryan O'Reilly wins face-off versus Ryan Johansen in Avalanche zone.
12:17 of 1st period - Off-side.
12:18 of 1st period - Ryan Johansen wins face-off versus Jean-Gabriel Pageau in neutral zone.
12:29 of 1st period - Slapshot by Ryan Johansen.
12:29 of 1st period - Shot Misses the Net.
12:31 of 1st period - Slapshot by Ryan Murray.
12:31 of 1st period - Goal by Ryan Murray - Avalanche : 1 - Jets : 2.
12:32 of 1st period - Jean-Gabriel Pageau wins face-off versus Dylan Strome in neutral zone.
12:46 of 1st period - Slapshot by Jean-Gabriel Pageau.
12:46 of 1st period - Shot Misses the Net.
12:48 of 1st period - Snap shot by Kyle Clifford.
12:48 of 1st period - Stopped by Jacob Markstrom without a rebound.
12:49 of 1st period - Max Domi wins face-off versus Bryan Little in Jets zone.
14:08 of 1st period - Wrist shot by Anthony Duclair.
14:08 of 1st period - Shot Misses the Net.
14:10 of 1st period - Snap shot by Anthony Duclair.
14:10 of 1st period - Shot Blocked by Kyle Connor.
14:12 of 1st period - Slapshot by Jack Johnson.
14:12 of 1st period - Stopped by Jacob Markstrom without a rebound.
14:13 of 1st period - Max Domi wins face-off versus Bryan Little in Jets zone.
16:39 of 1st period - Andrei Kuzmenko is hit by Sam Reinhart and loses puck.
16:44 of 1st period - Wrist shot by Anthony Beauvillier.
16:44 of 1st period - Stopped by Robin Lehner without a rebound.
16:45 of 1st period - Anthony Mantha wins face-off versus Bryan Little in Avalanche zone.
17:16 of 1st period - Snap shot by Jack Roslovic.
17:16 of 1st period - Shot Blocked by Patric Hornqvist.
18:14 of 1st period - Bryan Little is hit by Adam Larsson and loses puck.
18:31 of 1st period - Vladislav Gavrikov is hit by Dougie Hamilton and loses puck.
19:04 of 1st period - Wrist shot by Kyle Clifford.
19:04 of 1st period - Stopped by Jacob Markstrom with a rebound.
19:06 of 1st period - Snap shot by Patric Hornqvist.
19:06 of 1st period - Deflect By Kyle Clifford.
19:06 of 1st period - Stopped by Jacob Markstrom with a rebound.
19:21 of 1st period - Snap shot by Ryan Hartman.
19:21 of 1st period - Shot Misses the Net.
Goals for this period are 1 for Avalanche vs 2 for Jets.
Shots for this period are 9 for Avalanche vs 8 for Jets.

2nd period


0:01 of 2nd period - Jean-Gabriel Pageau wins face-off versus Max Domi in neutral zone.
0:05 of 2nd period - Off-side.
0:06 of 2nd period - Jean-Gabriel Pageau wins face-off versus Anthony Mantha in neutral zone.
0:09 of 2nd period - Slapshot by Patric Hornqvist.
0:09 of 2nd period - Stopped by Jacob Markstrom without a rebound.
0:10 of 2nd period - Max Domi wins face-off versus Jean-Gabriel Pageau in Jets zone.
0:17 of 2nd period - Snap shot by Max Domi.
0:17 of 2nd period - Shot Misses the Net.
1:15 of 2nd period - Slapshot by Kyle Clifford.
1:15 of 2nd period - Shot Misses the Net.
1:17 of 2nd period - Snap shot by Patric Hornqvist.
1:17 of 2nd period - Shot Misses the Net.
1:35 of 2nd period - Wrist shot by Jean-Gabriel Pageau.
1:35 of 2nd period - Stopped by Jacob Markstrom without a rebound.
1:36 of 2nd period - Ryan Johansen wins face-off versus Bryan Little in Jets zone.
2:27 of 2nd period - Slapshot by Jacob Slavin.
2:27 of 2nd period - Stopped by Jacob Markstrom with a rebound.
3:09 of 2nd period - Dylan Strome is hit by Ryan O'Reilly and loses puck.
3:28 of 2nd period - Slapshot by Anthony Duclair.
3:28 of 2nd period - Shot Misses the Net.
3:40 of 2nd period - Jack Roslovic is hit by Joseph Blandisi and loses puck.
3:51 of 2nd period - Frank Vatrano is hit by Rickard Rakell and loses puck.
4:32 of 2nd period - Jacob Slavin is hit by Anthony Beauvillier and loses puck.
4:46 of 2nd period - Off-side.
4:47 of 2nd period - Ryan O'Reilly wins face-off versus Max Domi in neutral zone.
4:50 of 2nd period - Dougie Hamilton is hit by Jacob Slavin and loses puck.
5:17 of 2nd period - Minor Penalty to Erik Cernak for High sticking.
5:18 of 2nd period - Jean-Gabriel Pageau wins face-off versus Tyler Seguin in Jets zone.
5:53 of 2nd period - Adam Larsson is hit by Stefan Elliott and loses puck.
7:17 of 2nd period - Penalty to Erik Cernak is over, Erik Cernak is back on ice.
7:20 of 2nd period - Adam Larsson is hit by Jacob Slavin and loses puck.
7:36 of 2nd period - Snap shot by Frank Vatrano.
7:36 of 2nd period - Stopped by Robin Lehner with a rebound.
7:38 of 2nd period - Snap shot by Dougie Hamilton.
7:38 of 2nd period - Deflect By Jonathan Drouin.
7:38 of 2nd period - Stopped by Robin Lehner with a rebound.
7:50 of 2nd period - Snap shot by Frank Vatrano.
7:50 of 2nd period - Stopped by Robin Lehner without a rebound.
7:51 of 2nd period - Ryan Johansen wins face-off versus Jean-Gabriel Pageau in Avalanche zone.
7:52 of 2nd period - Slapshot by Jack Roslovic.
7:52 of 2nd period - Shot Blocked by Vladislav Gavrikov.
8:02 of 2nd period - Snap shot by Jack Roslovic.
8:02 of 2nd period - Shot Misses the Net.
8:04 of 2nd period - Snap shot by Jack Roslovic.
8:04 of 2nd period - Stopped by Robin Lehner without a rebound.
8:05 of 2nd period - Tyler Seguin wins face-off versus Drake Caggiula in Avalanche zone.
8:42 of 2nd period - Wrist shot by Jean-Gabriel Pageau.
8:42 of 2nd period - Shot Misses the Net.
8:44 of 2nd period - Snap shot by Jean-Gabriel Pageau.
8:44 of 2nd period - Stopped by Jacob Markstrom without a rebound.
8:45 of 2nd period - Max Domi wins face-off versus Bryan Little in Jets zone.
8:50 of 2nd period - Snap shot by Nick Cousins.
8:50 of 2nd period - Stopped by Jacob Markstrom with a rebound.
8:52 of 2nd period - Snap shot by Bryan Little.
8:52 of 2nd period - Shot Blocked by Troy Stetcher.
8:54 of 2nd period - Slapshot by Jack Johnson.
8:54 of 2nd period - Shot Hit the Post.
8:56 of 2nd period - Slapshot by Jacob Slavin.
8:56 of 2nd period - Shot Blocked by Tyler Seguin.
8:58 of 2nd period - Snap shot by Joseph Blandisi.
8:58 of 2nd period - Stopped by Jacob Markstrom with a rebound.
9:00 of 2nd period - Snap shot by Bryan Little.
9:00 of 2nd period - Stopped by Jacob Markstrom with a rebound.
9:02 of 2nd period - Slapshot by Jacob Slavin.
9:02 of 2nd period - Shot Blocked by Troy Stetcher.
9:34 of 2nd period - Snap shot by Andrei Kuzmenko.
9:34 of 2nd period - Shot Misses the Net.
9:36 of 2nd period - Snap shot by Andrei Kuzmenko.
9:36 of 2nd period - Stopped by Jacob Markstrom without a rebound.
9:37 of 2nd period - Dylan Strome wins face-off versus Bryan Little in Jets zone.
9:37 of 2nd period - Dylan Strome is hit by Joseph Blandisi.
10:34 of 2nd period - Wrist shot by Jack Roslovic.
10:34 of 2nd period - Shot Misses the Net.
10:39 of 2nd period - Off-side.
10:40 of 2nd period - Max Domi wins face-off versus Bryan Little in neutral zone.
11:07 of 2nd period - Nino Niederreiter is hit by Jacob Slavin and loses puck.
11:29 of 2nd period - Off-side.
11:30 of 2nd period - Ryan O'Reilly wins face-off versus Dylan Strome in neutral zone.
11:46 of 2nd period - Wrist shot by Andrei Kuzmenko.
11:46 of 2nd period - Shot Misses the Net.
12:04 of 2nd period - Snap shot by Tyler Seguin.
12:04 of 2nd period - Shot Blocked by Kyle Clifford.
12:06 of 2nd period - Wrist shot by Anthony Mantha.
12:06 of 2nd period - Stopped by Robin Lehner with a rebound.
12:08 of 2nd period - Slapshot by Ryan Murray.
12:08 of 2nd period - Stopped by Robin Lehner without a rebound.
12:09 of 2nd period - Andrei Kuzmenko wins face-off versus Ryan Johansen in Avalanche zone.
12:14 of 2nd period - Snap shot by Jack Johnson.
12:14 of 2nd period - Shot Misses the Net.
12:16 of 2nd period - Snap shot by Ryan O'Reilly.
12:16 of 2nd period - Stopped by Jacob Markstrom without a rebound.
12:17 of 2nd period - Ryan Johansen wins face-off versus Ryan O'Reilly in Jets zone.
12:42 of 2nd period - Snap shot by Ryan O'Reilly.
12:42 of 2nd period - Shot Misses the Net.
13:06 of 2nd period - Slapshot by Andrei Kuzmenko.
13:06 of 2nd period - Stopped by Jacob Markstrom without a rebound.
13:07 of 2nd period - Max Domi wins face-off versus Bryan Little in Jets zone.
13:14 of 2nd period - Joseph Blandisi is hit by Tyler Seguin and loses puck.
13:33 of 2nd period - Stefan Elliott is hit by Frank Vatrano and loses puck.
13:40 of 2nd period - Slapshot by Dylan Strome.
13:40 of 2nd period - Shot Blocked by Vladislav Gavrikov.
13:42 of 2nd period - Slapshot by Erik Cernak.
13:42 of 2nd period - Shot Misses the Net.
14:06 of 2nd period - Mirco Mueller is hit by Drake Caggiula and loses puck.
15:26 of 2nd period - Snap shot by Sam Reinhart.
15:26 of 2nd period - Stopped by Robin Lehner with a rebound.
15:28 of 2nd period - Backhand shot by Dougie Hamilton.
15:28 of 2nd period - Stopped by Robin Lehner with a rebound.
15:30 of 2nd period - Slapshot by Ryan Murray.
15:30 of 2nd period - Shot Blocked by Bryan Little.
15:32 of 2nd period - Snap shot by Kyle Connor.
15:32 of 2nd period - Stopped by Robin Lehner without a rebound.
15:33 of 2nd period - Max Domi wins face-off versus Jean-Gabriel Pageau in Avalanche zone.
15:43 of 2nd period - Minor Penalty to Stefan Elliott for Slashing.
15:44 of 2nd period - Ryan O'Reilly wins face-off versus Ryan Johansen in Avalanche zone.
15:54 of 2nd period - Snap shot by Jean-Gabriel Pageau.
15:54 of 2nd period - Stopped by Jacob Markstrom without a rebound.
15:55 of 2nd period - Jean-Gabriel Pageau wins face-off versus Ryan Johansen in Jets zone.
15:58 of 2nd period - Wrist shot by Jean-Gabriel Pageau.
15:58 of 2nd period - Shot Blocked by Dougie Hamilton.
16:06 of 2nd period - Slapshot by Anthony Mantha.
16:06 of 2nd period - Stopped by Robin Lehner with a rebound.
16:08 of 2nd period - Wrist shot by Troy Stetcher.
16:08 of 2nd period - Stopped by Robin Lehner without a rebound.
16:09 of 2nd period - Ryan Johansen wins face-off versus Ryan O'Reilly in Avalanche zone.
17:43 of 2nd period - Penalty to Stefan Elliott is over, Stefan Elliott is back on ice.
17:51 of 2nd period - Snap shot by Sam Reinhart.
17:51 of 2nd period - Shot Misses the Net.
17:59 of 2nd period - Wrist shot by Jean-Gabriel Pageau.
17:59 of 2nd period - Deflect By Kyle Clifford.
17:59 of 2nd period - Shot Misses the Net.
17:59 of 2nd period - Puck is out of play.
18:00 of 2nd period - Bryan Little wins face-off versus Dylan Strome in Jets zone.
18:07 of 2nd period - Wrist shot by Joseph Blandisi.
18:07 of 2nd period - Shot Blocked by Jonathan Drouin.
18:09 of 2nd period - Slapshot by Joseph Blandisi.
18:09 of 2nd period - Shot Misses the Net.
18:17 of 2nd period - Slapshot by Joseph Blandisi.
18:17 of 2nd period - Shot Misses the Net.
18:27 of 2nd period - Erik Cernak is hit by Ryan Hartman and loses puck.
19:18 of 2nd period - Wrist shot by Dylan Strome.
19:18 of 2nd period - Stopped by Robin Lehner without a rebound.
19:19 of 2nd period - Ryan O'Reilly wins face-off versus Max Domi in Avalanche zone.
Goals for this period are 0 for Avalanche vs 0 for Jets.
Shots for this period are 11 for Avalanche vs 12 for Jets.

3rd period


0:01 of 3rd period - Ryan Johansen wins face-off versus Jean-Gabriel Pageau in neutral zone.
0:04 of 3rd period - Slapshot by Dougie Hamilton.
0:04 of 3rd period - Shot Misses the Net.
0:06 of 3rd period - Slapshot by Jack Roslovic.
0:06 of 3rd period - Stopped by Robin Lehner with a rebound.
0:08 of 3rd period - Slapshot by Dougie Hamilton.
0:08 of 3rd period - Shot Blocked by Jack Johnson.
0:10 of 3rd period - Slapshot by Ryan Murray.
0:10 of 3rd period - Stopped by Robin Lehner with a rebound.
2:01 of 3rd period - Slapshot by Dougie Hamilton.
2:01 of 3rd period - Shot Misses the Net.
2:03 of 3rd period - Slapshot by Dougie Hamilton.
2:03 of 3rd period - Stopped by Robin Lehner with a rebound.
2:41 of 3rd period - Rickard Rakell is hit by Ryan Johansen and loses puck.
3:53 of 3rd period - Minor Penalty to Drake Caggiula for Tripping.
3:54 of 3rd period - Ryan O'Reilly wins face-off versus Ryan Johansen in Avalanche zone.
5:53 of 3rd period - Penalty to Drake Caggiula is over, Drake Caggiula is back on ice.
5:55 of 3rd period - Patric Hornqvist is hit by Nino Niederreiter.
6:01 of 3rd period - Slapshot by Stefan Elliott.
6:01 of 3rd period - Shot Misses the Net.
6:29 of 3rd period - Slapshot by Adam Larsson.
6:29 of 3rd period - Stopped by Robin Lehner with a rebound.
6:46 of 3rd period - Icing by Adam Larsson.
6:47 of 3rd period - Dylan Strome wins face-off versus Drake Caggiula in Jets zone.
7:08 of 3rd period - Slapshot by Erik Karlsson.
7:08 of 3rd period - Stopped by Jacob Markstrom without a rebound.
7:09 of 3rd period - Max Domi wins face-off versus Nick Cousins in Jets zone.
7:16 of 3rd period - Snap shot by Max Domi.
7:16 of 3rd period - Goal by Max Domi - Avalanche : 1 - Jets : 3.
7:17 of 3rd period - Ryan Johansen wins face-off versus Jean-Gabriel Pageau in neutral zone.
8:35 of 3rd period - Snap shot by Ryan Hartman.
8:35 of 3rd period - Stopped by Jacob Markstrom with a rebound.
8:37 of 3rd period - Snap shot by Vladislav Gavrikov.
8:37 of 3rd period - Shot Blocked by Kyle Connor.
8:39 of 3rd period - Snap shot by Vladislav Gavrikov.
8:39 of 3rd period - Deflect By Drake Caggiula.
8:39 of 3rd period - Shot Blocked by Dougie Hamilton.
8:39 of 3rd period - Puck is out of play.
8:40 of 3rd period - Ryan Johansen wins face-off versus Jean-Gabriel Pageau in Jets zone.
8:40 of 3rd period - Ryan Johansen is hit by Jean-Gabriel Pageau.
9:38 of 3rd period - Snap shot by Dylan Strome.
9:38 of 3rd period - Shot Misses the Net.
9:42 of 3rd period - Snap shot by Dylan Strome.
9:42 of 3rd period - Stopped by Robin Lehner without a rebound.
9:43 of 3rd period - Ryan Johansen wins face-off versus Jean-Gabriel Pageau in Avalanche zone.
10:12 of 3rd period - Troy Stetcher is hit by Rickard Rakell and loses puck.
12:45 of 3rd period - Snap shot by Sam Reinhart.
12:45 of 3rd period - Shot Blocked by Jean-Gabriel Pageau.
13:35 of 3rd period - Wrist shot by Joseph Blandisi.
13:35 of 3rd period - Shot Misses the Net.
13:45 of 3rd period - Slapshot by Dylan Strome.
13:45 of 3rd period - Shot Misses the Net.
14:37 of 3rd period - Slapshot by Nino Niederreiter.
14:37 of 3rd period - Stopped by Robin Lehner without a rebound.
14:38 of 3rd period - Sam Reinhart wins face-off versus Jean-Gabriel Pageau in Avalanche zone.
14:39 of 3rd period - Snap shot by Kyle Connor.
14:39 of 3rd period - Shot Misses the Net.
14:41 of 3rd period - Snap shot by Kyle Connor.
14:41 of 3rd period - Stopped by Robin Lehner without a rebound.
14:42 of 3rd period - Jean-Gabriel Pageau wins face-off versus Sam Reinhart in Avalanche zone.
14:51 of 3rd period - Wrist shot by Jean-Gabriel Pageau.
14:51 of 3rd period - Shot Blocked by Mirco Mueller.
15:19 of 3rd period - Snap shot by Bryan Little.
15:19 of 3rd period - Shot Misses the Net.
15:21 of 3rd period - Snap shot by Bryan Little.
15:21 of 3rd period - Stopped by Jacob Markstrom without a rebound.
15:22 of 3rd period - Dylan Strome wins face-off versus Ryan O'Reilly in Jets zone.
15:39 of 3rd period - Wrist shot by Dylan Strome.
15:39 of 3rd period - Stopped by Robin Lehner without a rebound.
15:40 of 3rd period - Bryan Little wins face-off versus Ryan Johansen in Avalanche zone.
17:46 of 3rd period - Rickard Rakell is hit by Anthony Mantha and loses puck.
17:53 of 3rd period - Wrist shot by Max Domi.
17:53 of 3rd period - Shot Blocked by David Rundblad.
17:55 of 3rd period - Slapshot by Mirco Mueller.
17:55 of 3rd period - Deflect By David Rundblad.
17:55 of 3rd period - Stopped by Robin Lehner with a rebound.
18:42 of 3rd period - Mirco Mueller is hit by Joseph Blandisi.
18:58 of 3rd period - Snap shot by Kyle Clifford.
18:58 of 3rd period - Shot Misses the Net.
19:16 of 3rd period - Ryan Johansen is hit by Patric Hornqvist and loses puck.
19:31 of 3rd period - Slapshot by Ryan Hartman.
19:31 of 3rd period - Stopped by Jacob Markstrom without a rebound.
19:32 of 3rd period - Ryan Hartman wins face-off versus Frank Vatrano in Jets zone.
19:35 of 3rd period - Snap shot by Joseph Blandisi.
19:35 of 3rd period - Shot Misses the Net.
19:37 of 3rd period - Snap shot by Ryan Hartman.
19:37 of 3rd period - Stopped by Jacob Markstrom without a rebound.
19:38 of 3rd period - Nick Cousins wins face-off versus Frank Vatrano in Jets zone.
Goals for this period are 0 for Avalanche vs 1 for Jets.
Shots for this period are 5 for Avalanche vs 10 for Jets.